[Event "Late-Titled-Tuesday-Blitz-February-13-2024"]
[Site "Chess.com"]
[Date "2024.02.13"]
[Round "7"]
[White "ChEsper99"]
[Black "PNEPaul"]
[Result "1-0"]
[WhiteElo "2198"]
[BlackElo "1895"]
[TimeControl "180+1"]
[EndTime "15:19:00 PST"]
[Termination "ChEsper99 won on time"]

1. Nf3 a6 2. g3 d6 3. Bg2 g6 4. O-O Bg7 5. d4 h6 6. c4 Nd7 7. Nc3 e6 8. e4 Ne7 9. Be3 O-O 10. Qd3 e5 11. b4 f5 12. dxe5 dxe5 13. Rfd1 c6 14. Na4 Qe8 15. Nb6 Nxb6 16. Bxb6 Be6 17.
Bc7 fxe4 18. Qxe4 Bf5 19. Qe2 e4 20. Nd4 Bxd4 21. Rxd4 Rc8 22. Bb6 c5 23. Bxc5 Nc6 24. Rdd1 Rf7 25. Re1 b6 26. Bxb6 Nxb4 27. Bxe4 Bxe4 28.
Qxe4 Qxe4 29. Rxe4 Nd3 30. f4 Rc6 31. Be3 Rfc7 32.
Rd1 Nb4 33. Rd8+ Kf7 34. Ree8 Re7 35. Rxe7+ Kxe7 36. Rg8 Kf7 37. Rh8 Rxc4 38. Rxh6 Nc2 39. Bf2 Kg7 40. Rh4 Nb4 41. a3 Nd3 42. Rg4 Nxf2 43.
Kxf2 Kf6 44. Rh4 Rc2+ 45. Kf3 Rc3+ 46. Kg4 Rxa3 47. Rh8 a5 48. Ra8 a4 49. h4 Kf7 50.
Ra6 Kg7 51. h5 gxh5+ 52. Kh4 Ra1 53. Ra5 a3 54. Kxh5 a2 55. Kg4 Kg6 56. f5+ Kf6 57. Ra6+ Kf7 58. Ra7+ Kf6 59. Ra6+ Kf7 60. f6 Kg6 61. Rb6 1-0

[Event "Late-Titled-Tuesday-Blitz-February-13-2024"]
[Site "Chess.com"]
[Date "2024.02.13"]
[Round "7"]
[White "Nick12772"]
[Black "Dewarfd"]
[Result "1/2-1/2"]
[WhiteElo "2345"]
[BlackElo "2164"]
[TimeControl "180+1"]
[EndTime "15:19:04 PST"]
[Termination "Game drawn - insufficient material"]

1. Nf3 Nf6 2. g3 g6 3. Bg2 Bg7 4. O-O d5 5. c4 e6 6. cxd5 exd5 7. d4 O-O 8. Nc3 c6 9. Bf4 Re8 10. Ne5 Nbd7 11. Nxd7 Bxd7 12. Be5 Bf5 13. Qb3 Qb6 14. e3 Qxb3 15. axb3 Ne4 16. Bxg7 Kxg7 17. Nxe4 Bxe4 18. Bxe4 Rxe4 19. b4 a6 20. h4 Rae8 21. Rfc1 h6 22.
Kg2 g5 23. hxg5 hxg5 24. Rh1 Rh8 25. Rxh8 Kxh8 26. Rh1+ Kg7 27. Kf3 Re8 28. Kg4 Kg6 29.
Kf3 Ra8 30. Kg4 a5 31. Ra1 a4 32. Ra3 b5 33. Rc3 Ra6 34. Ra3 f5+ 35. Kf3 Ra7 36. Rc3 Rc7 37. Rc1 g4+ 38. Kf4 Kf6 39. Rh1 Kg6 40.
Ke5 Rf7 41. Kd6 Rf6+ 42. Kc7 f4 43. gxf4 Kf5 44. Rg1 Rg6 45. Rg3 Ke4 46. Kd7 Kf5 47. f3 gxf3 48. Rxf3 Rg2 49. Kxc6 Rxb2 50. Kxb5 a3 51.
Rf1 a2 52. Ra1 Ke4 53. Kc5 Rc2+ 54. Kd6 Rb2 55. b5 Rxb5 56. Rxa2 Kxe3 57. f5 Kxd4 58. f6 Rb6+ 59. Ke7 Kc3 60. f7 Rb7+ 61. Ke6 Rxf7 62. Kxf7 d4 63. Ke6 d3 64. Ke5 d2 65. Ra1 Kc2 66.
Kd4 d1=Q+ 67. Rxd1 Kxd1 1/2-1/2

[Event "Late-Titled-Tuesday-Blitz-February-13-2024"]
[Site "Chess.com"]
[Date "2024.02.13"]
[Round "7"]
[White "Kosak12"]
[Black "MKlose11"]
[Result "1/2-1/2"]
[WhiteElo "2842"]
[BlackElo "2660"]
[TimeControl "180+1"]
[EndTime "15:19:06 PST"]
[Termination "Game drawn - insufficient material"]

1. d4 Nf6 2. c4 c5 3. e3 cxd4 4. exd4 g6 5. Nf3 Bg7 6. Nc3 d5 7. cxd5 Nxd5 8. Bc4 Nb6 9. Bb3 O-O 10. h3 Nc6 11.
Be3 Na5 12. O-O Nxb3 13. axb3 Nd5 14. Qe2 a6 15. Rfe1 h6 16. Ne5 Be6 17. Ne4 Nxe3 18. Qxe3 Bd5 19. Nc5 Qd6 20. b4 Rac8 21. Rad1 e6 22. Rc1 Rc7 23. Qf4 Qe7 24. Ncd3 Rfc8 25. Rxc7 Rxc7 26. Rc1 Rxc1+ 27. Qxc1 Qd8 28. Qc5 Bf8 29. Qc3 h5 30. Nf4 Qd6 31. Qg3 Bg7 32.
Nfd3 Be4 33. Qf4 Bxd3 34. Qxf7+ Kh7 35. Nxd3 Qxd4 36. Nf4 Qf6 37. Qxf6 Bxf6 38. Nxe6 Bxb2 39. Nc5 Bc3 40. Nd3 Kg7 41. Kf1 Kf6 42. Ke2 Bd4 43.
Kd2 Kf5 44. f3 h4 45. Ke2 b6 46. Ne1 a5 47. bxa5 bxa5 48. Nc2 Bc5 49. Ne1 a4 50. Nd3 Bd6 51. Kd2 a3 52. Kc2 Ke6 53. Kb3 Kd5 54. Nf2 Kd4 55. Ne4 Be7 56. g3 hxg3 57.
Nxg3 Ke3 58. h4 Kxf3 59. h5 g5 60. Nf5 Bf8 61. h6 Bxh6 62. Nxh6 g4 63. Nxg4 Kxg4 64. Ka2 Kg3 65. Kb3 Kf3 66. Ka2 Kf4 67. Kb3 Ke4 68. Ka2 Kd3 69. Kxa3 1/2-1/2

[Event "Late-Titled-Tuesday-Blitz-February-13-2024"]
[Site "Chess.com"]
[Date "2024.02.13"]
[Round "7"]
[White "ChessSwole"]
[Black "VinzentSpitzl"]
[Result "1/2-1/2"]
[WhiteElo "2671"]
[BlackElo "2514"]
[TimeControl "180+1"]
[EndTime "15:19:06 PST"]
[Termination "Game drawn by repetition"]

1. e4 c5 2. Nc3 d6 3. Nf3 Nf6 4. d4 cxd4 5. Nxd4 a6 6. Be3 e5 7. Nb3 Be7 8. f3 Be6 9. Qd2 h5 10.
O-O-O Nbd7 11. Kb1 b5 12. Nd5 Nxd5 13. exd5 Bf5 14.
Na5 Nf6 15. Nc6 Qc7 16. Bd3 Bxd3 17. Qxd3 Rc8 18. Nb4 Qb7 19. Rhe1 O-O 20. Nc6 Nxd5 21. Nxe7+ Nxe7 22. Qxd6 Ng6 23. Qd5 Qc7 24. Qb3 Rfd8 25. Bg5 Rd7 26. a3 Kh7 27. g4 h4 28. Rd3 f6 29. Bc1 Rcd8 30. Red1 Rxd3 31. Rxd3 Rd6 32. Be3 Qd7 33. Rxd6 Qxd6 34. Ka2 h3 35. Qf7 Qd1 36. g5 Qxf3 37. gxf6 Qxf6 38. Qd7 Nf4 39. Bxf4 exf4 40. Qxh3+ Kg6 41. Qg4+ Kf7 42. Qf3 Qe6+ 43. b3 Qe3 44. Qb7+ Kg8 45. Qc8+ Kh7 46. Qf5+ Kh6 47. h4 f3 48. a4 f2 49. h5 Qg3 50. axb5 axb5 51.
Qxb5 Qg1 52. Qc6+ Kxh5 53. Qf3+ Kh4 54. Qf4+ Kh3 55. Qf3+ Kh2 56. Qh5+ Kg2 57. Qg4+ Kh1 58. Qh3+ Qh2 59. Qf1+ Qg1 60. Qh3+ Qh2 61. Qf1+ Qg1 62. Qh3+ 1/2-1/2

[Event "Late-Titled-Tuesday-Blitz-February-13-2024"]
[Site "Chess.com"]
[Date "2024.02.13"]
[Round "7"]
[White "rhungaski"]
[Black "GMRAVEN_ON_YOUTUBE"]
[Result "1-0"]
[WhiteElo "2569"]
[BlackElo "2769"]
[TimeControl "180+1"]
[EndTime "15:19:11 PST"]
[Termination "rhungaski won on time"]

1. e4 c5 2. Nf3 e6 3. d4 cxd4 4.
Nxd4 Nc6 5. Nb5 d6 6. c4 Nf6 7. N1c3 a6 8. Na3 Be7 9. Be2 O-O 10. O-O b6 11. Bf4 Bb7 12. Re1 Rc8 13. Bf1 Ne5 14. Rc1 Qc7 15. h3 Rfe8 16. Qd2 Qb8 17. Qe3 Ned7 18. Nab1 Qa8 19. Nd2 d5 20. cxd5 exd5 21. e5 Bc5 22. Qd3 Nh5 23. Bh2 g6 24. Nf3 Ng7 25.
Nd4 Ne6 26. Nxe6 fxe6 27. a3 Rf8 28. Rc2 a5 29. Nb5 Ba6 30. a4 Rf5 31. g4 Rf7 32. Bg3 Rcf8 33. Bg2 Nb8 34. Rec1 Nc6 35. Rxc5 bxc5 36.
Rxc5 Nb4 37. Qc3 Bxb5 38. axb5 Qb7 39. h4 Qb6 40. h5 gxh5 41. gxh5 Kh8 42. h6 Rd7 43. Rc8 Rdd8 44. Rxd8 Qxd8 45. Qd4 Qg5 46. Bh4 Qc1+ 47. Bf1 Rg8+ 48. Kh2 Qxh6 49. Bh3 Rg6 50. Bf6+ Rxf6 51. exf6 Kg8 52. b6 Nc6 53. Qg4+ Kf7 54. Qxe6+ Kf8 55. Qd6+ Kf7 56. Qd7+ Kf8 57. Qxc6 Qf4+ 58.
Kg2 Qe4+ 59. Kg1 Qg6+ 60. Bg2 Qb1+ 61. Kh2 1-0

[Event "Late-Titled-Tuesday-Blitz-February-13-2024"]
[Site "Chess.com"]
[Date "2024.02.13"]
[Round "7"]
[White "Fjal"]
[Black "katharinareinecke"]
[Result "1-0"]
[WhiteElo "2242"]
[BlackElo "1953"]
[TimeControl "180+1"]
[EndTime "15:19:11 PST"]
[Termination "Fjal won on time"]

1. Nf3 d5 2. g3 g6 3. Bg2 Bg7 4. O-O c6 5. c4 e6 6. d4 Ne7 7. Nc3 O-O 8. Bf4 a6 9. e3 b5 10. cxb5 cxb5 11. a4 b4 12. Ne2 Bd7 13. Nc1 Nbc6 14.
Nd3 Na5 15. Nxb4 Qb6 16. Nd3 Nec6 17. Nc5 Ra7 18. Qd3 Qxb2 19. Rfb1 Nb4 20. Rxb2 Nxd3 21. Nxd3 Nc4 22. Rb4 Rc8 23. Nc5 Be8 24. Rab1 e5 25. Nxe5 Nxe5 26. dxe5 Rxc5 27. Rb8 Re7 28. Rd8 Bxe5 29.
Rbb8 Bxb8 30. Rxb8 Kg7 31. Bf3 Bxa4 32. Kg2 Rc2 33.
g4 Bb5 34. g5 h6 35. Bd6 Rd7 36. Bf8+ Kh7 37. gxh6 Be2 38. Bg7 Bxf3+ 39. Kxf3 g5 40.
Rh8+ Kg6 41. Rg8 Kh7 42. Rh8+ Kg6 43. Kg3 f5 44. Rf8 Rxg7 45. hxg7 Kxg7 46. Rxf5 Rd2 47. Rxg5+ Kf6 48. Rg8 a5 49. Ra8 Ra2 50. h4 a4 51.
f3 a3 52. Kf4 Kg6 53. Kg3 Kh5 54. Ra5 Kg6 55. Rxd5 Rb2 56. Ra5 a2 57. h5+ Kh6 58.
Kf4 Rc2 59. e4 Rh2 60. Ke3 Rxh5 61. Rxa2 Rh3 62. Rg2 Kh7 63. e5 Rh5 64. Ke4 Rh4+ 65. f4 Rh5 66. e6 Rh6 67. Ke5 Kh8 68. f5 Rh3 69. e7 Re3+ 70. Kf6 1-0

[Event "Late-Titled-Tuesday-Blitz-February-13-2024"]
[Site "Chess.com"]
[Date "2024.02.13"]
[Round "7"]
[White "viniciusrego"]
[Black "MyDream003"]
[Result "0-1"]
[WhiteElo "2390"]
[BlackElo "2754"]
[TimeControl "180+1"]
[EndTime "15:19:12 PST"]
[Termination "MyDream003 won by resignation"]

1. Nf3 Nf6 2. c4 c5 3. d4 cxd4 4. Nxd4 Nc6 5. g3 e6 6. Bg2 Qb6 7. Nb5 Ne5 8. Be3 Qa5+ 9. Bd2 Bb4 10. Nd6+ Ke7 11. Nxc8+ Raxc8 12. b3 b5 13. cxb5 Qxb5 14. O-O Rc7 15. Bf4 Rhc8 16. a3 Bd6 17. Nd2 Kf8 18.
Nc4 Nf3+ 19. Bxf3 Bxf4 20. gxf4 Ne8 21. e3 Kg8 22. Kh1 g6 23. Rg1 a5 24. a4 Qb4 25.
Rb1 d5 26. Ne5 Rc2 27. Bg2 Nf6 28. f3 Rd2 29. Qe1 Rcc2 30. Rd1 Rxd1 31. Qxd1 Qxb3 32. Nc6 Qa2 33. Nd4 Rd2 34. Qb3 Nd7 35. Qxa2 Rxa2 36. Rc1 Rxa4 37. Bf1 Nb6 38. Rc6 Rb4 39. Rc7 a4 40. Ra7 Rb1 41. Kg1 Rb2 42. Be2 Rb1+ 43. Kf2 Rb2 44. Ke1 h5 45. h4 Rb1+ 46. Kf2 Rb2 47. Kf1 Rb1+ 48. Kg2 Rb2 49. Ra6 Kf8 50. Kf1 Ke7 51. Nc6+ Kd6 52. Ne5 f6 53. Nxg6 Kc5 54. Ne7 Rb1+ 55. Kf2 Rb2 56. Ra7 Ra2 57. Ng8 f5 58.
Nf6 a3 59. Nxh5 Nc4 60. Rc7+ Kb6 61. Rc8 Rc2 62. Ra8 a2 63. Nf6 Na5 64. Rb8+ Ka7 65.
Rg8 a1=Q 66. h5 Qxf6 67. Rg6 Qb2 68. h6 Rxe2+ 69. Kg3 Rg2+ 70. Kh4 Rxg6 0-1

[Event "Late-Titled-Tuesday-Blitz-February-13-2024"]
[Site "Chess.com"]
[Date "2024.02.13"]
[Round "7"]
[White "TanitoluwaAps116"]
[Black "mightysmasher"]
[Result "1-0"]
[WhiteElo "2782"]
[BlackElo "2551"]
[TimeControl "180+1"]
[EndTime "15:19:12 PST"]
[Termination "TanitoluwaAps116 won by checkmate"]

1. Nf3 d5 2. b3 c5 3. e3 Nc6 4. Bb2 Nf6 5. Bb5 Bd7 6. Bxc6 bxc6 7. d3 e6 8. Ne5 Bd6 9. Nd2 O-O 10. f4 a5 11. a4 Rb8 12. O-O Be8 13. Rf3 c4 14. Rh3 cxd3 15. cxd3 Qb6 16. Ng4 Nxg4 17. Qxg4 e5 18. fxe5 Bc5 19. Kf2 Qb4 20. Qxb4 Bxb4 21. Nf3 Be7 22. Nd4 Bd7 23. Rf3 c5 24. Ba3 Rfe8 25.
Nf5 Bxf5 26. Rxf5 Rxb3 27. Ke2 Bf8 28. Kd2 Reb8 29. Kc2 g6 30. Rf3 c4 31. Bxf8 Kxf8 32. dxc4 dxc4 33. Raf1 R8b7 34. e6 f5 35. g4 Rb2+ 36.
Kc3 R2b3+ 37. Kc2 Rb2+ 38. Kc3 R2b3+ 39. Kxc4 R3b4+ 40. Kc5 Ke7 41. gxf5 gxf5 42. Rxf5 Kxe6 43. Rf6+ Ke5 44. R1f5+ Ke4 45. Rf4+ Kxe3 46. Rxb4 axb4 47. a5 b3 48. a6 b2 49. axb7 b1=Q 50. Rb6 Qc2+ 51.
Kd6 Qg6+ 52. Kc7 Qf7+ 53. Kc6 Qe6+ 54. Kb5 Qd5+ 55. Ka6 Qc4+ 56. Ka7 Qa2+ 57. Ra6 Qxh2 58. b8=Q Qxb8+ 59. Kxb8 Kf4 60. Rh6 Kg5 61. Rxh7 Kf5 62. Rd7 Ke5 63. Rd1 Ke4 64. Kc7 Ke3 65. Kc6 Ke2 66.
Rd5 Ke3 67. Kc5 Ke4 68. Kc4 Ke3 69. Rd4 Kf3 70. Kd5 Ke3 71. Ke5 Kf3 72. Re4 Kg3 73.
Rf4 Kg2 74. Ke4 Kg3 75. Ke3 Kg2 76. Rf3 Kh2 77. Kf2 Kh1 78. Rh3# 1-0

[Event "Late-Titled-Tuesday-Blitz-February-13-2024"]
[Site "Chess.com"]
[Date "2024.02.13"]
[Round "7"]
[White "tteshan"]
[Black "zajka-molotok"]
[Result "0-1"]
[WhiteElo "2624"]
[BlackElo "2510"]
[TimeControl "180+1"]
[EndTime "15:19:13 PST"]
[Termination "zajka-molotok won on time"]

1. Nf3 d5 2. g3 Nc6 3. d4 Bf5 4. Bg2 e6 5. O-O Nf6 6. h3 h6 7. Bf4 Be7 8. Ne5 Nxe5 9. Bxe5 O-O 10. c4 c6 11. Qb3 Qb6 12. c5 Qa6 13. Re1 b6 14. cxb6 axb6 15. Nc3 c5 16. a4 c4 17.
Qb5 Qxb5 18. axb5 Bb4 19. f3 Bh7 20. e4 dxe4 21. fxe4 Rxa1 22. Rxa1 Bxc3 23. bxc3 Bxe4 24. Bxf6 Bxg2 25. Kxg2 gxf6 26. Ra7 Rd8 27. Rb7 Rd6 28. Kf3 Kg7 29. Ke4 f5+ 30. Kf4 Kg6 31. Rb8 f6 32.
Rb7 h5 33. h4 Kh6 34. Rc7 Rd5 35. Rxc4 Rxb5 36. Rc6 Kg6 37. Rxe6 Rb3 38. Rc6 Rb1 39. d5 Rd1 40. c4 b5 41. cxb5 Rxd5 42. b6 Rb5 43. Ke3 Rb3+ 44. Kf4 Rb4+ 45. Kf3 Rb3+ 46. Kf2 f4 47. gxf4 Kf5 48. Ke2 Kxf4 49. Rxf6+ Kg4 50. Kd2 Kxh4 51. Ke2 Kg3 52. Rg6+ Kh3 53. Kf2 h4 54.
Kg1 Rb1+ 55. Kf2 Kh2 56. Rg2+ Kh1 57. Rg6 h3 58. Rh6 h2 59. Kf3 Kg1 60. Rg6+ Kf1 61. Rh6 Rb3+ 62. Ke4 Kg1 63. Rg6+ Kf2 64. Rh6 Kg2 65.
Rg6+ Rg3 66. Rxg3+ Kxg3 67. b7 h1=Q+ 0-1

[Event "Late-Titled-Tuesday-Blitz-February-13-2024"]
[Site "Chess.com"]
[Date "2024.02.13"]
[Round "7"]
[White "TheMagician"]
[Black "ATM622"]
[Result "1/2-1/2"]
[WhiteElo "2228"]
[BlackElo "2478"]
[TimeControl "180+1"]
[EndTime "15:19:16 PST"]
[Termination "Game drawn by stalemate"]

1. d4 Nf6 2. Nf3 e6 3. Bg5 d5 4.
Nbd2 Be7 5. Bxf6 Bxf6 6. c3 Nd7 7. e4 dxe4 8. Nxe4 O-O 9. Bd3 e5 10. Nxf6+ Qxf6 11. O-O exd4 12. cxd4 h6 13. b3 c5 14. Rc1 cxd4 15. Qe2 Qf4 16. Rc4 Nf6 17. Rxd4 Qc7 18. Rc4 Qb6 19. Re1 Bg4 20. Qe3 Qxe3 21.
Rxe3 Rad8 22. Ne5 Be6 23. Rc1 Nd5 24. Ree1 Nb4 25. Bb1 Rd2 26. a3 Na6 27. b4 Nb8 28. h3 Nd7 29. Nf3 Rb2 30. Be4 b6 31. Nd4 Ba2 32.
Rc7 Nf6 33. Bf3 Rd2 34. Nf5 a5 35. Re2 Rd1+ 36. Kh2 axb4 37. Rxa2 b3 38. Rb2 Ra1 39. Rxb3 Kh7 40. Rxb6 Rxa3 41. Rxf6 gxf6 42. Be4 Kh8 43. Nxh6 Ra2 44. f3 Ra3 45. Nxf7+ Kg7 46. Ne5+ Kh6 47. Rh7+ Kg5 48. h4+ Kf4 49. Ng6+ Ke3 50. Nxf8 Kf2 51. Rf7 Ra5 52. Rg7 Rh5 53. Kh3 Rh6 54. Rg4 Rh8 55. Ng6 Rc8 56. Nf4 Rc1 57. Nd3+ Kg1 58. Kg3 Rf1 59. Kf4 Rd1 60. Bf5 Kh2 61. Rg6 Re1 62. h5 Rh1 63. h6 Kg1 64. h7 Rxh7 65. Rxf6 Rh4+ 66. Bg4 Kh2 67. Rf5 Rh7 68. Rh5+ Rxh5 69. Bxh5 Kg1 70. Ke3 Kh2 71. g4 Kg3 72. g5 Kh2 73. g6 Kg1 74. g7 Kf1 75. g8=Q 1/2-1/2

[Event "Late-Titled-Tuesday-Blitz-February-13-2024"]
[Site "Chess.com"]
[Date "2024.02.13"]
[Round "7"]
[White "Eloist"]
[Black "N_I_Chess"]
[Result "1-0"]
[WhiteElo "2440"]
[BlackElo "2275"]
[TimeControl "180+1"]
[EndTime "15:19:23 PST"]
[Termination "Eloist won on time"]

1. e4 Nf6 2. e5 Nd5 3. d4 d6 4. Nf3 dxe5 5. Nxe5 c6 6. Be2 Bf5 7. O-O Nd7 8. Nf3 e6 9. a3 b5 10. Re1 Bd6 11. Bf1 Bg4 12. h3 Bh5 13. Nbd2 N7f6 14. c4 bxc4 15. Nxc4 Bc7 16. g4 Bg6 17. Nfe5 O-O 18.
h4 h5 19. g5 Ng4 20. Nxg4 hxg4 21. Qxg4 Bf5 22. Qf3 f6 23. Bh3 fxg5 24. Bxg5 Qe8 25. Bxf5 Rxf5 26. Qxf5 exf5 27. Rxe8+ Rxe8 28. Kf1 Re4 29. Rd1 f4 30. f3 Re6 31. Re1 Kf7 32. Rxe6 Kxe6 33. Ke2 Kf5 34. Kd3 a6 35. b4 g6 36. Nd2 Bd6 37. Ne4 Bf8 38. Nc3 Ne3 39. Ne4 Nf1 40. Nc5 Nh2 41. Ke2 Bd6 42.
Nxa6 Bf8 43. Nb8 Bg7 44. Nxc6 Ke6 45. b5 Kd6 46. a4 Kc7 47. Kd3 Kb6 48. Ke4 Nf1 49.
d5 Nd2+ 50. Kd3 Nb3 51. Bxf4 Nc5+ 52. Kc4 Nxa4 53. d6 Nb2+ 54. Kb3 Nd3 55. d7 Nc5+ 56.
Kc4 Nxd7 57. Be3+ Kc7 58. Kd5 Nf6+ 59. Ke6 Nh5 60. Kf7 Bc3 61. Kxg6 Ng3 62. Bd4 Bd2 63. Be5+ Kb6 64. Bxg3 Kxb5 65. Ne5 Kc5 66. f4 Kd5 67. h5 Be1 68. Bxe1 1-0

[Event "Late-Titled-Tuesday-Blitz-February-13-2024"]
[Site "Chess.com"]
[Date "2024.02.13"]
[Round "7"]
[White "Misterfox120"]
[Black "Ready4abattle"]
[Result "1-0"]
[WhiteElo "2397"]
[BlackElo "2242"]
[TimeControl "180+1"]
[EndTime "15:19:23 PST"]
[Termination "Misterfox120 won by resignation"]

1. d4 Nf6 2. Bf4 g6 3. Nc3 d6 4. e4 Bg7 5. Qd2 c5 6. dxc5 dxc5 7. Qxd8+ Kxd8 8. O-O-O+ Bd7 9. Be2 Kc8 10. e5 Nh5 11. Bxh5 gxh5 12. Nd5 Nc6 13. Nf3 Bg4 14.
Rhe1 Bxf3 15. gxf3 e6 16. Nc3 Nd4 17. Ne4 Bf8 18.
Rd3 b6 19. c3 Nc6 20. Red1 Bg7 21. Kc2 Bxe5 22. Nd6+ Kc7 23. Nxf7 Bxf4 24. Rd7+ Kc8 25. Nxh8 Nd4+ 26. R7xd4 cxd4 27. Nf7 dxc3 28. Kxc3 e5 29.
Rd5 Kc7 30. Nxe5 Rf8 31. Nd3 Bd6 32. Rxh5 Rf7 33. Kd2 Kc6 34. Ke2 a5 35. Ne5+ Bxe5 36. Rxe5 Rf4 37. Re4 Rf5 38. Rh4 Rb5 39. b3 h5 40. Kd3 Kd6 41. f4 Ke6 42. Ke4 Rb4+ 43. Ke3 a4 44. Rxh5 axb3 45. axb3 Rxb3+ 46. Ke4 Rb4+ 47. Ke3 Rb3+ 48. Ke2 Rb2+ 49. Kf3 Rb3+ 50. Kg4 b5 51. Rh6+ Kf7 52. Rb6 Rb1 53. h4 b4 54. Kf5 b3 55.
Rb7+ Ke8 56. h5 b2 57. h6 Rh1 58. Rxb2 Rxh6 59. Rb7 Rh5+ 60. Kg6 Rh2 61. f5 Rg2+ 62. Kf6 Rxf2 63. Rb8+ Kd7 64. Rf8 Rf1 65. Kg7 Rg1+ 66. Kf7 Rf1 67. f6 Rg1 68. Ra8 Rf1 69. Ra2 Rg1 70.
Rd2+ Kc8 71. Ke7 Re1+ 72. Kf8 Rf1 73. f7 Kc7 74. Rd4 Kc8 75. Ke7 Re1+ 76. Kf6 Rf1+ 77. Ke6 Re1+ 78. Kf5 1-0

[Event "Late-Titled-Tuesday-Blitz-February-13-2024"]
[Site "Chess.com"]
[Date "2024.02.13"]
[Round "7"]
[White "a_kandil"]
[Black "Semetey"]
[Result "1-0"]
[WhiteElo "2496"]
[BlackElo "2608"]
[TimeControl "180+1"]
[EndTime "15:19:24 PST"]
[Termination "a_kandil won on time"]

1. e4 e5 2. Nf3 Nc6 3. Bc4 Bc5 4.
c3 Nf6 5. d3 d6 6. O-O O-O 7. h3 h6 8. Re1 a6 9. a4 Ba7 10. Nbd2 Re8 11. b4 Be6 12. Bxe6 Rxe6 13. Bb2 Ne7 14. Nf1 Ng6 15. Ng3 Qd7 16. c4 Rae8 17. Bc1 c6 18. a5 d5 19. Be3 Bxe3 20.
fxe3 dxe4 21. dxe4 Rd6 22. Qc2 Rd8 23. Nf5 Rd3 24. N5d4 Rxe3 25. Rxe3 exd4 26. Rd3 Qe7 27. Rxd4 Rxd4 28. Nxd4 Qxb4 29. Kh1 Qc5 30. Nf5 Qe5 31. Re1 Nf4 32. Ng3 g6 33. Nf1 Kg7 34. Nd2 Qg5 35. Nf3 Qg3 36. Rf1 Ne6 37. e5 Nh5 38.
Qf2 Nef4 39. Nh2 Qd3 40. Re1 Ng3+ 41. Kg1 Nfe2+ 42. Rxe2 Nxe2+ 43. Kh1 Qd1+ 44. Nf1 Qxf1+ 45. Qxf1 Ng3+ 46. Kg1 Nxf1 47. Kxf1 Kf8 48. Ke2 Ke7 49. Kf3 Ke6 50. Ke4 c5 51. g3 h5 52. h4 f6 53.
exf6 Kxf6 54. Kd5 Kf5 55. Kxc5 Kg4 56. Kb6 Kxg3 57. Kxb7 Kxh4 58. c5 g5 59. c6 g4 60. c7 g3 61. c8=Q g2 62. Qc1 Kg3 63. Qg5+ Kf2 64. Qf4+ Ke2 65. Qh2 Kf1 66. Qh3 Kf2 67.
Qf5+ Ke2 68. Qe4+ Kf2 69. Qf4+ Ke2 70. Qg3 Kf1 71. Qf3+ Kg1 72. Qxh5 Kf2 73. Qg5 g1=Q 74. Qxg1+ Kxg1 75. Kxa6 Kf2 76. Kb7 Ke3 77. a6 Kd4 78. a7 Kc5 79. a8=Q 1-0

[Event "Late-Titled-Tuesday-Blitz-February-13-2024"]
[Site "Chess.com"]
[Date "2024.02.13"]
[Round "7"]
[White "Sl4werThanYou"]
[Black "h4parah5"]
[Result "0-1"]
[WhiteElo "2675"]
[BlackElo "2974"]
[TimeControl "180+1"]
[EndTime "15:19:28 PST"]
[Termination "h4parah5 won by resignation"]

1. d4 Nf6 2. c4 e6 3. Nc3 d5 4.
cxd5 exd5 5. Bf4 c6 6. e3 Bf5 7. Nge2 Bd6 8. Bxd6 Qxd6 9. Ng3 Bg6 10. Bd3 Bxd3 11.
Qxd3 O-O 12. O-O Nbd7 13. Rfe1 Rfe8 14. Rad1 Rad8 15. f3 Qb4 16. Qc2 Nf8 17. a3 Qb6 18. Na4 Qc7 19. Nc5 b6 20. Nd3 Ne6 21. Rc1 Rc8 22.
b4 g6 23. Qa4 h5 24. Ne2 h4 25.
Nef4 Nxf4 26. Nxf4 b5 27. Qb3 Qd6 28. Nd3 Nd7 29.
Qc2 Re7 30. Qf2 Rce8 31. Rc3 Qf6 32. f4 Nb6 33. Ne5 Nc4 34. Ra1 Kg7 35. a4 Qf5 36. Re1 Re6 37. Qxh4 f6 38. Ng4 Qh5 39. Qg3 Nd6 40.
Rxc6 Nf5 41. Rc7+ R8e7 42. Rxe7+ Rxe7 43. Qf3 Nxd4 44. Qd1 Nf5 45. h3 bxa4 46. Qxd5 Qh4 47. Qd2 Qg3 48. e4 Nh4 49. Qe2 Qxf4 50. Rf1 Qxe4 51. Qf2 Nf5 52. Qb2 Qd4+ 53. Qxd4 Nxd4 54. Nxf6 a3 55. Nd5 Rd7 56. Nc3 Nc2 57. Rf2 Nxb4 58.
Rf1 Rc7 59. Nb5 Rd7 60. Nxa3 Rd2 61. Nc4 Re2 62. Ra1 Nc6 63. Ra6 Re6 64. Kh2 Kf6 65. Na5 Nxa5 66. Rxa5 a6 67. h4 Kg7 68. Kh3 Rd6 69. h5 gxh5 70. Rxh5 Rh6 71. Rxh6 Kxh6 72. Kg4 a5 73. Kf5 a4 74. g4 a3 75. g5+ Kg7 76.
Ke4 a2 77. Kd3 a1=Q 78. Kc2 Qe5 0-1

[Event "Late-Titled-Tuesday-Blitz-February-13-2024"]
[Site "Chess.com"]
[Date "2024.02.13"]
[Round "7"]
[White "hmatyi07"]
[Black "Championnn-9"]
[Result "1-0"]
[WhiteElo "2283"]
[BlackElo "2520"]
[TimeControl "180+1"]
[EndTime "15:19:29 PST"]
[Termination "hmatyi07 won by resignation"]

1. d4 Nf6 2. Nf3 e6 3. Bg5 c5 4. e3 Nc6 5. c3 Be7 6. Nbd2 b6 7. Bd3 Bb7 8. O-O O-O 9. a4 d6 10. Qe2 Rb8 11. Rfd1 Qc7 12. Bh4 Rfe8 13. Bg3 Bf8 14.
Ba6 Ba8 15. Nc4 Ne4 16. Na3 Nxg3 17. hxg3 cxd4 18. exd4 Ne7 19. Bd3 Nd5 20. Nb5 Qd7 21.
a5 a6 22. Na3 b5 23. Nb1 Qc7 24.
Nbd2 g6 25. Ne4 Bg7 26. Bc2 e5 27. dxe5 dxe5 28. Bb3 Rbd8 29. c4 bxc4 30. Bxc4 Kh8 31. Bxa6 f5 32. Nc3 Nxc3 33. bxc3 Qxc3 34. Bb5 Rf8 35. a6 e4 36. Ng5 Rb8 37. Ne6 Rf6 38. Nxg7 Kxg7 39. a7 Rbf8 40. Rd7+ Kh8 41. Rad1 f4 42.
gxf4 Rxf4 43. Rd8 Qc5 44. Rxf8+ Rxf8 45. Bc4 Qe5 46. Qe3 g5 47. Qd4 Re8 48. Qxe5+ Rxe5 49. Rd8+ Kg7 50. Rxa8 Ra5 51. Kh2 Kh6 52. Kg3 Ra4 53. Be2 Kg7 54. Kg4 e3+ 55. Kg3 exf2 56. Kxf2 Ra2 57. Kg3 Ra3+ 58. Bf3 h5 59. Kf2 g4 60.
Be4 Ra2+ 61. Ke3 Ra4 62. Kf4 Ra5 63. Bf5 g3 64. Kxg3 Ra3+ 65. Kh4 Ra5 66. Be4 Ra4 67. Kg5 Ra5+ 68. Bf5 Kf7 69. Rh8 Kg7 70. Rh7+ Kg8 71. Rb7 Ra6 72. Rb8+ Kg7 73. a8=Q Rg6+ 74. Bxg6 1-0

[Event "Late-Titled-Tuesday-Blitz-February-13-2024"]
[Site "Chess.com"]
[Date "2024.02.13"]
[Round "7"]
[White "kuli4ik"]
[Black "DanylaBagrov"]
[Result "1-0"]
[WhiteElo "2853"]
[BlackElo "2557"]
[TimeControl "180+1"]
[EndTime "15:19:32 PST"]
[Termination "kuli4ik won by resignation"]

1. Nf3 f5 2. d3 Nf6 3. e4 fxe4 4. dxe4 Nxe4 5. Bd3 d5 6. Bxe4 dxe4 7. Qxd8+ Kxd8 8. Ng5 Ke8 9. Nc3 Bf5 10. Be3 e6 11. O-O-O Nc6 12. h3 Bb4 13. Ngxe4 Ke7 14. a3 Bd6 15.
Bg5+ Kd7 16. Rd2 Bxe4 17. Nxe4 h6 18. Bh4 Ne5 19. Rhd1 Nf7 20. Nc5+ Kc6 21. Nxe6 g5 22. Bg3 Bxg3 23. fxg3 Rae8 24. Nd4+ Kb6 25. Rd3 Nd6 26. b3 Re4 27. g4 Rf8 28. Kb2 a6 29. R1d2 Rff4 30.
Nf3 a5 31. a4 Ka7 32. Rd4 b6 33.
Rxe4 Rxe4 34. Rf2 Kb7 35. Nd2 Re6 36. Nf1 Kc6 37. Ng3 Kd7 38. Kc1 Ne4 39. Nxe4 Rxe4 40. Rf6 Re6 41. Rf2 Rd6 42. Rf7+ Kc6 43. Rh7 Rf6 44. Kb2 Kb7 45. g3 Rg6 46. Rf7 Kc6 47.
Rf5 Re6 48. h4 Rg6 49. h5 Re6 50. Rf7 Kd6 51. Rg7 Rf6 52. Rh7 Re6 53. Kc3 c5 54.
Kc4 Re4+ 55. Kb5 Rb4+ 56. Ka6 Rxg4 57. Rxh6+ Kd5 58. Kxb6 Rxg3 59. Rg6 Kd4 60. h6 Rh3 61. Kxa5 Kc3 62. Rxg5 Kxc2 63. Rxc5+ Kxb3 64. Rb5+ Kc4 65. Rb6 Kc5 66. Ka6 Rh5 67. a5 Kc4 68. Rg6 Rb5 69. Rg4+ Kc5 70. Rg5+ Kc6 71. Rxb5 1-0

[Event "Late-Titled-Tuesday-Blitz-February-13-2024"]
[Site "Chess.com"]
[Date "2024.02.13"]
[Round "7"]
[White "elchacal664"]
[Black "MikeSailer"]
[Result "1-0"]
[WhiteElo "2404"]
[BlackElo "2204"]
[TimeControl "180+1"]
[EndTime "15:19:34 PST"]
[Termination "elchacal664 won by resignation"]

1. e4 d5 2. Nf3 dxe4 3. Ng5 Bf5 4. g4 Bd7 5. Bg2 Nf6 6. h3 Bc6 7. Nc3 e6 8. Qe2 Qd4 9. Ncxe4 Nxe4 10. Nxe4 Be7 11.
c3 Qb6 12. O-O Nd7 13. a4 a5 14. d4 O-O 15. Be3 Qa6 16. Qc2 Nf6 17. Nxf6+ Bxf6 18. f3 h6 19. Rf2 e5 20. Bf1 b5 21. dxe5 Bxe5 22. Qf5 Rfe8 23. f4 Bd6 24. axb5 Qc8 25. Qxc8 Raxc8 26. Bd4 Bd7 27. Rxa5 Re4 28. Bg2 Rxf4 29.
Rxf4 Bxf4 30. c4 Re8 31. Ra1 Re2 32. Rf1 g5 33. Rf2 Re1+ 34. Bf1 f5 35. Bc3 Rb1 36. Re2 fxg4 37. Re7 Bf5 38. c5 gxh3 39. Kf2 g4 40. Bc4+ Kf8 41. Rf7+ Ke8 42. Rxf5 g3+ 43. Kf3 h2 44.
Rh5 g2 45. Kxg2 Rg1+ 46. Kf3 h1=Q+ 47. Rxh1 Rxh1 48. Bd5 Bg5 49. b6 cxb6 50. cxb6 Rh3+ 51. Kg4 Rh4+ 52. Kf5 Rf4+ 53. Ke6 Rf6+ 54. Bxf6 Bxf6 55.
Kxf6 Kd7 56. b7 Kc7 57. Kg6 h5 58. Kg5 h4 59. Kg4 h3 60. Kg3 h2 61. Bh1 Kb8 62.
Kf2 Kc7 63. Ke1 Kb8 64. Kd2 Kc7 65. Kc2 Kb8 66. b4 Kc7 67. Kd3 Kb8 68. Ke3 Kc7 69. Kf4 Kb8 70. Kg3 Kc7 71. Kxh2 Kb8 72. Kg3 Kc7 73. Kf2 Kb8 74. Ke3 Kc7 75. Kd4 Kb8 76. Kc4 Kc7 77. Kb5 Kb8 78. Ka6 Kc7 79. Ka7 Kd7 80.
Bg2 Kc7 81. Bf1 Kd6 82. b8=Q+ 1-0